 Dungeon Crawl Stone Soup version 0.30-b1-5-g8e6c1be481 (webtiles) character file.

Game seed: 15150312337448516342

287 monsoonserge the Cudgeller (level 6, -1/45 (50) HPs)
             Began as a Draconian Reaver on May 5, 2023.
             Slain by a gnoll
             ... wielding a +0 flail
              (11 damage)
             ... on level 4 of the Dungeon.
             The game lasted 00:10:30 (2423 turns).

monsoonserge the Cudgeller (Draconian Reaver)       Turns: 2423, Time: 00:10:31

HP:   -1/45 (50)    AC:  6    Str: 14    XL:     6   Next: 8%
MP:   9/9           EV: 12    Int: 15    God:
Gold: 144           SH:  0    Dex: 10    Spells: 7/9 levels left

rFire   . . .        m - +1 mace (distort)
rCold   . . .        (no shield)
rNeg    . . .        (body armour unavailable)
rPois   .            (helmet restricted)
rElec   .            (no cloak)
rCorr   .            (no gloves)
SInv    +            (no boots)
Will    .....        c - amulet of the acrobat
Stlth   +            h - ring of see invisible
HPRegen 0.27/turn    (no ring)
MPRegen 0.11/turn

%: acrobat
@: heavily drained
A: AC +6, unfitting armour, cold-blooded
a: no special abilities


You were on level 4 of the Dungeon.
You visited 1 branch of the dungeon, and saw 4 of its levels.

You collected 194 gold pieces.
You spent 50 gold pieces at shops.

Inventory:

Hand Weapons
 m - a +1 mace of distortion (weapon)
 q - a +1 mace of holy wrath
Missiles
 j - 17 stones
 r - 5 boomerangs (quivered)
Jewellery
 c - an amulet of the acrobat (around neck)
 h - a ring of see invisible (left hand)
Wands
 s - a wand of paralysis (8)
Scrolls
 a - a scroll of enchant armour {unknown}
 b - 2 scrolls of blinking {unknown}
 n - 2 scrolls of identify {unknown}
 o - 2 scrolls of teleportation {unknown}
 p - a scroll of amnesia {unknown}
 t - a scroll of vulnerability {unknown}
 u - a scroll of enchant weapon {unknown}
Potions
 d - a potion of magic
 e - a potion of curing
 f - 2 potions of heal wounds
 g - a potion of cancellation {unknown}
 i - a potion of invisibility {unknown}
 k - 2 potions of might {unknown}
 l - a potion of brilliance {unknown}
 v - a potion of mutation {unknown}
 w - a potion of attraction {unknown}


   Skills:
 + Level 2.6 Fighting
 * Level 5.1 Maces & Flails
 + Level 0.6 Throwing
 + Level 3.1 Dodging
 + Level 0.5 Stealth
 - Level 2.0 Spellcasting
 * Level 3.7 Conjurations
 * Level 0.5 Hexes
 - Level 1.0 Necromancy


You had 7 spell levels left.
You knew the following spells:

 Your Spells              Type           Power      Damage    Failure   Level
a - Kiss of Death         Conj/Necr      32%        2d7       9%          1
b - Slow                  Hex            12%        N/A       19%         1

Your spell library contained the following spells:

 Spells                   Type           Power      Damage    Failure   Level
 Necrotise                Necr           16%        1d4       14%         1
 Momentum Strike          Conj/Tloc      14%        3d8       16%         2
 Apportation              Tloc           2%         N/A       22%         1
 Summon Small Mammal      Summ           4%         N/A       22%         1
 Hailstorm                Conj/Ice       7%         3d4       30%         3
 Scorch                   Fire           2%         2d5       32%         2
 Vampiric Draining        Necr           4%         2d6       41%         3
 Confusing Touch          Hex            3%         N/A       47%         3
 Tukima's Dance           Hex            3%         N/A       47%         3
 Portal Projectile        Hex/Tloc       4%         N/A       52%         3
 Flame Wave               Conj/Fire      7%         2d5       71%         4
 Blade Hands              Tmut           0%         N/A       99%         5
 Summon Cactus Giant      Summ           0%         N/A       100%        6


Dungeon Overview and Level Annotations

Branches:
Dungeon (4/15)
 Temple: D:4-7

Altars:
Dithmenos
Kikubaaqudgha
Makhleb
Ru
Uskayaw

Shops:
D:3 !   D:4 *


Innate Abilities, Weirdness & Mutations

Your plain brown scales are hard. (AC +6)
You cannot fit into any form of body armour.
You are cold-blooded and may be slowed by cold attacks.


Message History

Aiming: Kiss of Death (safe; 9% risk of failure)
Press: ? - help, Shift-Dir - straight line, f - hound
Aim: a hound (100% to hit)
You miscast Kiss of Death.
You are very lightly contaminated with residual magic.
Nothing appears to happen.
The hound barely misses you. x2
The gnoll closely misses you. The hound barely misses you.
Casting: Kiss of Death (safe; 9% risk of failure)
Confirm with . or Enter, or press ? or * to list all spells.
Aiming: Kiss of Death (safe; 9% risk of failure)
Press: ? - help, Shift-Dir - straight line, f/p - hound
Aim: a hound (100% to hit)
The negative energy hits the hound!
The hound is drained!
The hound is almost dead.
You feel drained.
You feel yourself speed up. The hound misses you.
The gnoll hits you from afar with a +0 halberd.
The hound closely misses you.
You closely miss the hound.
Your tail-slap misses the hound.
The hound is almost dead.
The hound bites you but does no damage. x2
You sock the hound!
You kill the hound!
The gnoll hits you from afar with a +0 spear.
You have reached level 6!
Your scales feel tougher.
It was a potion of magic.
Magic courses through your body. The gnoll misses you.
The gnoll hits you with a +0 flail!
* * * LOW HITPOINT WARNING * * *
It was a potion of curing.
You feel better.
The gnoll hits you from afar with a +0 spear.
* * * LOW HITPOINT WARNING * * *
The gnoll completely misses you.
Your magical contamination has completely faded away.
You hit the gnoll.
Space warps around the gnoll.
Your tail-slap misses the gnoll.
The gnoll is heavily wounded.
The gnoll closely misses you. The gnoll hits you with a +0 flail!
You die...

#................
...............g
..............g ###
##.........gh.. #.#
#.............. ##.##
##...>.......# #...#
#.......g....#
##.#.###.######g#####...
#..#..#..#......@.......
..###...##..............
..# #...##.........#####
.## ##.###.........# ##
### #.##......# s..
#......# .. #.......
#.......#


You could see 2 gnolls.

Vanquished Creatures
  2 hounds (D:4)
  An iguana (D:4)
  An orc wizard (D:3)
  A gnoll (D:4)
  9 adders
  A worm (D:2)
  2 dart slugs
  3 orcs (D:3)
  4 bats
  3 endoplasms
  2 giant cockroaches
  A goblin (D:1)
  4 hobgoblins
  4 jackals (D:1)
  2 quokkas (D:1)
  7 ball pythons
  2 frilled lizards
  5 kobolds
  4 rats
58 creatures vanquished.

Notes
Turn   | Place    | Note
-------+----------+-------------------------------------------
     0 | D:1      | monsoonserge the Draconian Reaver began the quest for the
                  | Orb.
     0 | D:1      | Reached XP level 1. HP: 17/17 MP: 3/3
   141 | D:1      | Reached XP level 2. HP: 12/24 MP: 5/5
   305 | D:1      | You fall into a shaft and drop 1 floor!
   606 | D:2      | Reached XP level 3. HP: 6/27 MP: 4/6
  1176 | D:2      | Reached XP level 4. HP: 32/37 MP: 7/7
  1222 | D:2      | Reached skill level 1 in Necromancy
  1677 | D:3      | Reached skill level 4 in Maces & Flails
  1727 | D:3      | Found Kauppam's Distillery.
  1765 | D:3      | Found a shadowy altar of Dithmenos.
  1810 | D:3      | Bought a potion of heal wounds for 50 gold pieces
  1858 | D:3      | Found a faded altar of an unknown god.
  1970 | D:3      | Learned a level 1 spell: Slow
  2061 | D:4      | Found Juazut's Gadget Gallery.
  2066 | D:4      | Reached XP level 5. HP: 42/42 MP: 8/8
  2286 | D:4      | Found a hide-covered altar of Uskayaw.
  2286 | D:4      | Found a sacrificial altar of Ru.
  2287 | D:4      | Found an ancient bone altar of Kikubaaqudgha.
  2344 | D:4      | Found a burning altar of Makhleb.
  2417 | D:4      | Reached skill level 5 in Maces & Flails
  2421 | D:4      | Reached XP level 6. HP: 13/45 MP: 6/9
  2423 | D:4      | Slain by a gnoll

Illustrated notes

Levels and vault maps discovered:
D:1:      heliophobic_arrival_glass_houses, layout_loops_ring
D:2:      layout_basic, minmay_misc_feat_tower, kennysheep_generic_room_3
D:3:      layout_rooms, mainiacjoe_overflow_surrounded_room,
          dreamdust_ecumenical_altar_angels_and_demons, serial_shops,
          nicolae_shop_tiny_waterfront
D:4:      layout_gridville, nicolae_overflow_quartered_altars, serial_shops,
          nicolae_shop_dealshenge, eino_curves_03, nicolae_shop_gadgets

Skill      XL: |  1  2  3  4  5 |
---------------+----------------+-----
Dodging        | 2 3 |  3.1
Necromancy     | 1 |  1.0
Maces & Flails | 4 5 |  5.1
Fighting       | |  2.6
Throwing       | |  0.6
Stealth        | |  0.5
Spellcasting   | |  2.0
Conjurations   | |  3.7
Hexes          | |  0.5

Action                     |  1- 3 |  4- 6 || total
---------------------------+-------+-------++-------
  Melee: Mace              |   140 |    76 ||   216
         Tailslap          |    13 |     6 ||    19
  Throw: Boomerang         |       |    12 ||    12
   Cast: Kiss of Death     |     1 |     1 ||     2
    Use: Potion            |       |     2 ||     2
   Stab: Sleeping          |     1 |       ||     1
 Armour: Skin              |    49 |    24 ||    73
  Dodge: Dodged            |   103 |    76 ||   179
